Map: Fractional Distillation Plant

Players

yamato - Winner!

  • Race: Terran Terran
  • Spawn Location: 12:00

dwduck - Winner!

  • Race: Protoss Protoss
  • Spawn Location: 1:00

xBenx - Winner!

  • Race: Zerg Zerg
  • Spawn Location: 1:00

WarpigxxxL - Winner!

  • Race: Zerg Zerg
  • Spawn Location: 3:00

jordanei

  • Race: Terran Terran
  • Spawn Location: 7:00

Bizhux

  • Race: Protoss Protoss
  • Spawn Location: 9:00

Wixazo

  • Race: Zerg Zerg
  • Spawn Location: 6:00

bigDaddy

  • Race: Zerg Zerg
  • Spawn Location: 7:00

VOD

Have the link to the VOD?

Description

xBenx, WarpigxxxL, dwduck, yamato vs bigDaddy, Wixazo, Bizhux, jordanei

Time

  • Played on: April 1, 2024, 1:50 p.m.
  • Length: 14:18
Show
View Real Time Build Order
Export as new Build Order

yamato Terran - Winner!

Build Orders: Command Center First 

Get SALT Encoding   

  12  0:00  SCV  
  13  0:12  SCV  
  14  0:20  Supply Depot  
  14  0:24  SCV  
  15  0:42  SCV  
  16  0:54  SCV  
  17  1:02  Command Center  
  17  1:06  SCV  
  19  1:18  SCV  
  19  1:30  SCV  
  20  1:39  Command Center  
  20  1:42  SCV  
  21  1:52  Barracks  
  21  1:57  Refinery  
  21  1:59  SCV  
  22  2:05  Refinery  
  22  2:11  SCV  
  23  2:16  SCV  
  24  2:23  SCV  
  24  2:26  Engineering Bay  
  24  2:28  SCV  
  26  2:38  SCV  
  26  2:41  SCV  
  28  2:50  SCV  
  29  2:51  Factory  
  29  2:52  Barracks Tech Lab  
  29  2:55  SCV  
  30  3:03  SCV  
  31  3:07  SCV  
  31  3:09  Refinery  
  31  3:11  Refinery  
  32  3:15  Marine  
  32  3:18  SCV  
  32  3:19  SCV  
  34  3:30  SCV  
  34  3:31  SCV  
  35  3:35  Marine  
  36  3:42  SCV  
  38  3:52  Widow Mine  
  38  3:54  SCV  
  38  3:55  Planetary Fortress  
  41  4:10  Orbital Command  
  41  4:16  Armory  
  40  4:17  Supply Depot  
  40  4:42  Widow Mine  
  40  4:45  Missile Turret  
  42  4:51  SCV x2  
  44  4:53  Missile Turret  
  44  4:56  Missile Turret  
  44  4:58  Missile Turret  
  44  5:03  Planetary Fortress, SCV x2  
  46  5:08  Missile Turret  
  46  5:14  Missile Turret  
  46  5:15  SCV x2  
  46  5:18  Widow Mine  
  50  5:25  Supply Depot  
  50  5:28  SCV x2  
  52  5:31  Missile Turret  
  52  5:34  Refinery  
  50  5:40  SCV x3  
  50  5:42  Refinery  
  53  5:46  Widow Mine  
  55  5:52  SCV x3  
  56  6:04  SCV x3  
  59  6:13  Missile Turret  
  59  6:16  SCV x3  
  59  6:17  Barracks Tech Lab  
  62  6:18  Terran Vehicle And Ship Armor Level 1  
  62  6:22  Supply Depot  
  62  6:24  Supply Depot  
  62  6:26  Supply Depot  
  62  6:28  SCV x3  
  65  6:33  Missile Turret  
  65  6:38  Missile Turret  
  65  6:40  SCV x3  
  65  6:43  Drilling Claws  
  68  6:49  Starport  
  68  6:50  Starport  
  68  6:52  Hi-Sec Auto Tracking, SCV x3  
  71  6:58  Starport  
  71  7:00  Starport  
  71  7:04  SCV x3  
  74  7:10  Missile Turret  
  74  7:16  SCV x3  
  74  7:20  Missile Turret, Supply Depot  
  77  7:24  Missile Turret  
  77  7:28  Starport Tech Lab x2  
  77  7:34  Starport Tech Lab, Missile Turret  
  77  7:38  SCV  
  77  7:39  SCV  
  77  7:40  Missile Turret  
  77  7:41  Starport  
  79  7:47  Supply Depot  
  79  7:48  Raven x2, Supply Depot x2  
  79  7:49  Raven  
  85  7:52  Interference Matrix  
  85  7:54  Raven  
  85  7:57  Missile Turret  
  87  8:04  Missile Turret  
  87  8:07  Missile Turret  
  87  8:08  SCV  
  87  8:09  Missile Turret  
  87  8:11  Missile Turret  
  87  8:12  Supply Depot  
  88  8:14  Supply Depot  
  88  8:16  Command Center  
  88  8:19  Starport Tech Lab  
  88  8:22  Raven  
  90  8:28  Raven  
  90  8:29  Raven x2  
  95  8:44  Raven  
  95  8:45  SCV x3  
  99  8:57  Raven, SCV x2  
  100  9:03  Raven x3  
  100  9:07  SCV  
  100  9:09  SCV  
  108  9:11  Missile Turret  
  108  9:13  Missile Turret, SCV  
  109  9:18  Raven  
  109  9:19  Missile Turret, SCV  
  109  9:21  SCV  
  109  9:22  Missile Turret  
  113  9:25  SCV  
  113  9:31  Raven  
  116  9:32  SCV  
  116  9:36  SCV  
  116  9:37  Raven x3  
  125  9:45  Missile Turret  
  125  9:46  Planetary Fortress  
  126  9:52  Raven  
  126  9:55  Terran Vehicle And Ship Armor Level 2  
  126  10:05  Raven  
  126  10:06  Missile Turret  
  128  10:15  Raven x2  
  132  10:27  Raven, Missile Turret  
  134  10:30  Refinery  
  134  10:32  Missile Turret, Refinery  
  134  10:36  Raven, Missile Turret  
  134  10:38  Command Center  
  134  10:39  Raven  
  134  10:40  Missile Turret x2  
  138  10:49  Raven x2  
  142  11:01  Raven  
  142  11:02  Missile Turret, Supply Depot  
  142  11:03  Supply Depot  
  144  11:04  Missile Turret  
  144  11:05  Missile Turret x2  
  144  11:06  Missile Turret  
  144  11:07  Missile Turret x2  
  144  11:09  Missile Turret  
  144  11:10  Missile Turret x2  
  144  11:11  Missile Turret  
  144  11:12  Missile Turret  
  144  11:15  Missile Turret  
  146  11:18  Raven x2  
  146  11:23  Raven  
  146  11:24  Raven  
  152  11:26  Supply Depot  
  152  11:28  Missile Turret  
  152  11:30  Missile Turret, Neosteel Armor  
  152  11:31  Missile Turret x2  
  152  11:33  Missile Turret  
  152  11:35  Raven  
  152  11:36  Missile Turret x3  
  152  11:38  Missile Turret  
  154  11:41  Missile Turret  
  154  11:43  Missile Turret  
  154  11:46  Missile Turret  
  154  11:47  Missile Turret  
  154  11:48  Missile Turret  
  154  11:51  Missile Turret x2  
  154  11:55  Planetary Fortress  
  154  11:59  Missile Turret  
  154  12:01  Raven x2  
  158  12:02  Raven  
  158  12:03  Missile Turret  
  158  12:05  Raven  
  162  12:09  Raven  
  162  12:11  Missile Turret  
  164  12:18  Missile Turret  
  164  12:20  Missile Turret  
  164  12:26  Refinery  
  164  12:27  Refinery  
  164  12:29  Missile Turret  
  164  12:34  Missile Turret  
  164  12:35  Raven  
  166  12:44  Missile Turret  
  166  12:49  Missile Turret x2  
  166  12:52  Raven  
  166  12:53  Raven x3  
  174  13:08  Missile Turret  
  174  13:09  Raven  
  174  13:12  Missile Turret  
  176  13:24  Missile Turret  
  178  13:27  Raven  
  178  13:28  Missile Turret  
  178  13:31  Missile Turret  
  178  13:34  Missile Turret  
  178  13:35  Raven x3  
  184  13:43  Raven  
  184  13:45  Missile Turret  
  186  13:49  Missile Turret  
  186  13:50  Missile Turret  
  188  14:10  Missile Turret  
Show
View Real Time Build Order
Export as new Build Order

dwduck Protoss - Winner!

Build Orders: Carriers 

Get SALT Encoding   

  12  0:03  Probe  
  13  0:19  Pylon  
  13  0:24  Probe (Chrono Boost)  
  15  0:36  Probe (Chrono Boost)  
  15  0:42  Probe (Chrono Boost)  
  15  0:43  Gateway  
  16  0:54  Assimilator  
  16  0:57  Assimilator  
  16  1:07  Forge  
  16  1:27  Probe (Chrono Boost)  
  16  1:32  Zealot  
  19  1:37  Probe (Chrono Boost)  
  20  1:42  Probe (Chrono Boost)  
  21  1:53  Probe  
  22  2:05  Probe  
  23  2:30  Nexus  
  23  2:36  Assimilator  
  23  2:38  Assimilator  
  23  2:53  Gateway  
  23  2:55  Gateway  
  23  3:04  Gateway  
  23  3:18  Cybernetics Core  
  23  3:41  Zealot  
  23  3:52  Zealot x3  
  23  4:09  Zealot  
  25  4:22  Probe  
  26  4:36  Stalker  
  28  4:43  Probe  
  29  4:55  Probe  
  29  4:58  Probe  
  31  5:07  Probe  
  31  5:10  Probe  
  33  5:19  Probe  
  34  5:22  Probe  
  35  5:31  Probe  
  35  5:34  Probe  
  37  5:43  Probe  
  37  5:47  Pylon  
  38  5:54  Pylon  
  38  5:58  Pylon  
  38  6:05  Probe, Stalker x2  
  38  6:06  Probe  
  44  6:18  Probe x2  
  46  6:28  Stalker  
  46  6:29  Stalker  
  46  6:30  Probe  
  51  6:35  Stalker x2  
  55  6:47  Stargate  
  55  6:49  Stargate  
  55  6:51  Stargate  
  55  7:07  Protoss Air Armor Level 1 (Chrono Boost)  
  55  7:12  Twilight Council, Probe  
  56  7:24  Probe  
  56  7:28  Pylon  
  56  7:29  Pylon  
  57  7:36  Probe  
  58  7:58  Fleet Beacon  
  43  8:53  Pylon  
  43  9:03  Pylon  
  43  9:06  Carrier (Chrono Boost)  
  43  9:08  Protoss Air Weapons Level 1  
  49  9:42  Carrier x2 (Chrono Boost)  
  61  9:58  Carrier (Chrono Boost)  
  67  10:11  Pylon  
  67  10:39  Carrier  
  59  11:39  Carrier  
  71  11:40  Carrier  
  71  11:43  Carrier  
  77  12:43  Carrier  
  81  12:59  Pylon  
  81  13:06  Pylon  
  87  13:48  Probe  
  88  14:00  Probe  
Show
View Real Time Build Order
Export as new Build Order

xBenx Zerg - Winner!

Build Orders: Hatch First 

Get SALT Encoding   

  12  0:02  Drone  
  13  0:21  Drone  
  14  0:38  Overlord  
  14  0:48  Hatchery  
  13  0:58  Drone x3  
  16  1:17  Drone  
  17  1:20  Spawning Pool  
  17  1:25  Drone  
  17  1:27  Extractor  
  16  1:38  Drone  
  17  1:50  Drone  
  18  1:56  Drone  
  18  2:01  Drone  
  20  2:04  Drone  
  20  2:06  Extractor  
  20  2:12  Queen x2  
  20  2:15  Drone  
  25  2:26  Drone x2  
  27  2:42  Drone  
  28  3:01  Spore Crawler  
  28  3:02  Zergling x2  
  28  3:04  Overlord x2  
  28  3:13  Spore Crawler  
  28  3:15  Spine Crawler  
  28  3:17  Spine Crawler  
  25  3:20  Spine Crawler  
  12  3:48  Drone x3  
  12  3:49  Drone x2  
  12  3:52  Drone x4  
  20  4:08  Drone x4  
  24  4:19  Overlord  
  24  4:20  Drone  
  25  4:27  Extractor  
  24  4:39  Drone x2  
  26  4:59  Baneling Nest  
  25  5:01  Queen  
  25  5:03  Evolution Chamber  
  25  5:05  Lair  
  26  5:07  Drone  
  26  5:11  Extractor  
  26  5:32  Zerg Melee Weapons Level 1  
  26  5:36  Drone x2  
  26  5:40  Drone  
  29  5:44  Zergling x2  
  29  5:49  Drone  
  31  6:07  Centrifugal Hooks  
  31  6:11  Baneling x2  
  30  6:14  Metabolic Boost  
  30  6:17  Drone x3  
  33  6:19  Extractor  
  32  6:30  Infestation Pit  
  32  6:31  Queen  
  32  6:32  Queen  
  35  6:43  Zergling x4  
  37  6:51  Drone x2  
  39  7:03  Overlord  
  39  7:08  Burrow  
  39  7:09  Overlord, Hatchery  
  38  7:22  Baneling x4  
  38  7:23  Zergling x4  
  38  7:26  Zerg Ground Armor Level 1  
  40  7:31  Drone x2  
  42  7:45  Zergling x4, Drone x2  
  42  7:46  Overlord  
  46  7:58  Drone  
  46  7:59  Drone  
  46  8:03  Spore Crawler  
  46  8:05  Spore Crawler  
  46  8:06  Spore Crawler  
  46  8:09  Spore Crawler  
  44  8:27  Drone x4  
  44  8:29  Queen  
  50  8:52  Spore Crawler  
  49  8:56  Hive  
  49  9:04  Drone, Hydralisk Den  
  49  9:05  Drone x2  
  49  9:07  Spore Crawler  
  47  9:25  Zergling x14  
  47  9:26  Zergling x14  
  61  9:32  Drone  
  61  9:33  Drone x2  
  61  9:35  Drone  
  61  9:37  Drone  
  66  9:50  Grooved Spines  
  66  9:51  Hydralisk x3  
  72  9:58  Overlord x2  
  71  10:04  Zerg Missile Weapons Level 1  
  71  10:05  Drone  
  72  10:10  Pneumatized Carapace  
  71  10:43  Overlord  
  71  10:55  Drone x2  
  71  10:56  Drone  
  74  11:05  Zergling x12, Hydralisk x3  
  74  11:06  Zergling x8  
  74  11:09  Overlord x4  
  90  11:14  Extractor, Drone  
  90  11:21  Spore Crawler x2  
  90  11:23  Drone x2  
  83  12:25  Drone x6  
  83  12:26  Drone x2  
  82  12:40  Hydralisk x2  
  82  12:41  Zergling x10, Hydralisk x7  
  82  12:42  Zergling x16, Hydralisk x4  
  82  12:43  Zergling x2  
  121  13:05  Zergling x2  
  122  13:18  Overlord x4  
  122  13:19  Overlord  
  122  13:25  Overlord x2  
  122  13:26  Overlord x3  
  117  13:45  Overlord x2  
Show
View Real Time Build Order
Export as new Build Order

WarpigxxxL Zerg - Winner!

Build Orders: Hatch First, Swarm Host 

Get SALT Encoding   

  12  0:02  Drone  
  13  0:11  Drone  
  14  0:19  Overlord  
  14  0:39  Drone x3  
  17  0:58  Drone  
  18  1:05  Drone  
  18  1:08  Hatchery  
  18  1:17  Drone  
  19  1:19  Spawning Pool  
  18  1:29  Drone  
  18  1:32  Evolution Chamber  
  18  1:40  Drone  
  18  1:41  Extractor  
  18  1:46  Drone  
  19  2:04  Drone  
  20  2:10  Drone  
  20  2:13  Hatchery  
  20  2:23  Drone x2, Extractor  
  21  2:33  Queen  
  23  2:38  Drone x3  
  26  3:07  Drone x2  
  26  3:11  Spore Crawler  
  26  3:17  Zergling x8  
  26  3:19  Metabolic Boost  
  20  3:27  Zergling x6  
  20  3:30  Zergling x2  
  23  4:12  Zergling x4  
  23  4:14  Overlord x2  
  23  4:15  Overlord x4  
  25  4:35  Zergling x8  
  25  4:36  Zergling x2  
  30  4:44  Zergling x2  
  30  4:57  Zergling x2  
  30  4:58  Zergling x4  
  27  5:31  Zerg Melee Weapons Level 1, Drone  
  27  5:32  Drone x3  
  31  5:45  Lair  
  31  6:03  Zergling x2  
  32  6:08  Drone x4  
  36  6:14  Drone  
  36  6:15  Drone  
  38  6:22  Drone x2  
  38  6:24  Drone  
  41  6:29  Drone  
  42  6:37  Drone x2  
  42  6:38  Drone  
  45  6:50  Drone x4  
  49  6:58  Extractor, Drone x3  
  49  6:59  Extractor  
  50  7:02  Drone x2  
  50  7:04  Drone  
  53  7:15  Infestation Pit  
  52  7:25  Drone x2  
  52  7:27  Drone  
  52  7:28  Nydus Network  
  54  7:30  Nydus Network  
  52  7:55  Drone  
  52  7:56  Drone x8  
  70  8:18  Overseer  
  70  8:19  Pneumatized Carapace  
  70  8:20  Burrow  
  70  8:21  Hydralisk Den  
  70  8:23  Zergling x2  
  70  8:24  Zergling x6  
  73  8:43  Nydus Canal  
  73  8:44  Nydus Canal  
  73  8:49  Overlord  
  73  8:50  Overlord x5  
  73  8:51  Overlord x2  
  73  9:09  Extractor  
  78  9:19  Zergling x10  
  92  9:33  Hydralisk x2  
  92  9:34  Hydralisk  
  96  9:47  Nydus Canal  
  96  9:48  Nydus Canal  
  96  9:54  Hydralisk  
  96  9:56  Zergling x4  
  96  9:57  Zergling x8  
  97  10:33  Zergling x2  
  97  10:34  Zergling x10  
  106  10:50  Hydralisk x2  
  109  11:49  Zergling x14  
  119  12:03  Swarm Host  
  125  12:08  Nydus Canal  
  125  12:20  Swarm Host  
  125  12:22  Zergling x8  
  132  12:51  Overlord x6  
  132  12:52  Overlord x2  
  122  13:33  Swarm Host x4  
  122  13:34  Swarm Host x5  
  149  13:45  Nydus Canal  
  146  13:57  Nydus Canal  
Show
View Real Time Build Order
Export as new Build Order

jordanei Terran 

Build Orders:  

Get SALT Encoding   

  12  0:02  SCV  
  13  0:14  SCV  
  14  0:26  Supply Depot  
  14  0:27  SCV  
  15  0:48  SCV  
  16  0:58  Refinery  
  16  1:00  SCV  
  16  1:01  Refinery  
  17  1:09  Engineering Bay  
  17  1:12  SCV  
  18  1:24  SCV  
  19  1:36  SCV  
  20  1:49  SCV  
  21  1:58  Barracks  
  21  2:01  SCV  
  22  2:02  Command Center  
  22  2:14  SCV  
  23  2:23  Supply Depot  
  23  2:31  Supply Depot  
  23  2:44  SCV  
  23  2:49  Factory  
  24  2:57  SCV  
  25  3:09  SCV  
  26  3:21  SCV  
  26  3:22  SCV  
  26  3:23  Refinery  
  28  3:33  SCV  
  29  3:34  SCV  
  29  3:35  Starport  
  29  3:37  Starport  
  30  3:45  SCV  
  30  3:47  SCV  
  32  3:57  SCV  
  32  3:59  SCV  
  34  4:09  SCV  
  35  4:11  SCV  
  35  4:13  Supply Depot  
  35  4:16  Supply Depot  
  36  4:21  SCV  
  36  4:22  Armory  
  36  4:23  SCV  
  38  4:26  Armory  
  38  4:32  Refinery  
  38  4:33  SCV  
  38  4:35  Starport Tech Lab, SCV  
  38  4:37  Starport Tech Lab  
  40  4:42  Fusion Core  
  40  4:47  SCV, Supply Depot  
  41  4:59  SCV  
  42  5:11  SCV  
  43  5:23  SCV, Supply Depot  
  44  5:31  Starport  
  44  5:35  SCV  
  44  5:37  Orbital Command  
  45  5:48  SCV  
  46  5:57  Battlecruiser x2  
  58  6:09  Supply Depot  
  58  6:12  Supply Depot  
  58  6:14  Starport Tech Lab  
  58  6:18  Starport  
  58  6:19  Terran Vehicle Weapons Level 1  
  58  6:25  Terran Vehicle And Ship Armor Level 1  
  58  6:27  Orbital Command  
  58  6:56  Starport Tech Lab  
  58  7:01  Battlecruiser  
  58  7:03  Battlecruiser  
  70  7:12  Starport  
  70  7:20  SCV  
  71  7:32  SCV  
  45  9:37  Viking x2  
  45  9:38  Viking x3  
  34  10:07  Viking x2  
  34  10:08  Viking x3  
  44  10:37  Viking x3  
  44  10:38  Viking x2  
  42  11:07  Viking x3  
  42  11:08  Viking x2  
  36  11:37  Viking x3  
  36  11:38  Viking  
  42  11:55  Viking  
  44  12:02  Supply Depot  
  44  12:07  Viking x4  
  52  12:25  Viking  
  52  12:37  Viking x4  
  14  13:07  Viking x4  
  9  13:37  Viking x2  
Show
View Real Time Build Order
Export as new Build Order

Bizhux Protoss 

Build Orders: Nexus First 

Get SALT Encoding   

  12  0:01  Probe  
  13  0:13  Probe  
  14  0:25  Probe  
  15  0:48  Nexus  
  15  1:02  Pylon  
  15  1:08  Pylon  
  15  1:25  Forge  
  15  1:37  Pylon  
  15  1:57  Pylon  
  15  2:16  Gateway  
  15  2:24  Photon Cannon  
  15  2:27  Photon Cannon  
  15  2:32  Photon Cannon  
  15  2:39  Gateway, Probe  
  16  2:51  Probe  
  17  2:57  Probe  
  18  3:03  Probe  
  19  3:09  Probe  
  19  3:10  Assimilator  
  20  3:15  Probe  
  21  3:20  Assimilator  
  21  3:21  Probe  
  22  3:27  Photon Cannon, Probe  
  22  3:33  Probe  
  24  3:39  Probe  
  25  3:46  Probe  
  26  3:51  Probe  
  27  3:58  Probe  
  28  4:03  Probe  
  29  4:10  Probe  
  29  4:13  Assimilator  
  29  4:15  Probe  
  31  4:17  Assimilator  
  31  4:22  Probe  
  32  4:28  Probe  
  33  4:31  Gateway  
  33  4:34  Probe  
  34  4:40  Probe  
  35  4:58  Photon Cannon  
  35  5:04  Pylon  
  35  5:19  Protoss Shields Level 1  
  35  5:20  Cybernetics Core  
  35  5:47  Photon Cannon  
  35  5:49  Photon Cannon  
  35  5:57  Warp Gate  
  35  6:04  Shield Battery  
  35  6:36  Gateway  
  35  6:41  Pylon  
  35  6:44  Pylon  
  35  6:45  Pylon  
  35  6:48  Pylon  
  35  6:52  Gateway  
  35  6:59  Gateway  
  35  7:02  Gateway  
  35  7:06  Gateway  
  35  7:11  Pylon  
  35  7:17  Photon Cannon  
  35  7:19  Photon Cannon  
  35  7:22  Gateway  
  35  7:29  Probe  
  36  7:30  Probe  
  36  7:36  Gateway  
  37  7:40  Gateway  
  37  7:42  Probe x2  
  39  7:45  Gateway  
  39  7:48  Gateway  
  39  7:51  Gateway  
  39  7:54  Gateway, Probe x2  
  39  7:58  Gateway  
  41  8:02  Gateway  
  41  8:06  Probe x2  
  43  8:18  Probe x2  
  45  8:39  Pylon  
  45  8:42  Pylon  
  45  8:45  Pylon  
  45  8:55  Pylon  
  42  9:50  Gateway  
  42  9:59  Gateway  
  36  10:02  Gateway  
  32  10:07  Gateway  
  32  10:10  Gateway  
  26  10:15  Gateway  
  26  10:18  Gateway  
  25  10:21  Gateway  
  25  10:23  Gateway  
  25  10:27  Pylon  
  25  10:30  Pylon  
  23  10:36  Gateway  
  23  10:38  Gateway  
  23  10:40  Gateway  
  23  10:49  Zealot x5  
  33  10:50  Zealot x7  
  33  10:51  Zealot x3  
  33  10:52  Zealot x3  
  59  11:04  Pylon  
  59  11:07  Gateway  
  47  11:35  Pylon  
  47  11:45  Forge  
  43  11:58  Pylon  
  41  12:14  Pylon  
  23  12:44  Stalker x2  
  23  12:45  Stalker x5  
  23  12:46  Stalker x5  
  23  12:47  Stalker x3  
  23  12:48  Stalker x3  
  23  12:49  Stalker x2  
  63  13:00  Twilight Council  
  61  13:13  Probe, Forge  
  62  13:20  Assimilator  
  62  13:25  Assimilator  
  62  13:26  Probe  
  53  13:31  Pylon  
  47  13:36  Pylon  
  47  13:38  Probe  
  48  13:47  Pylon  
  48  13:50  Probe  
  49  14:01  Photon Cannon  
  49  14:02  Probe  
  44  14:07  Photon Cannon  
Show
View Real Time Build Order
Export as new Build Order

Wixazo Zerg 

Build Orders: Hatch First 

Get SALT Encoding   

  12  0:01  Drone  
  13  0:08  Drone  
  14  0:17  Overlord  
  14  0:26  Extractor, Drone  
  15  0:36  Drone x2  
  17  0:55  Hatchery  
  16  0:59  Drone  
  17  1:05  Extractor  
  17  1:06  Drone x2  
  18  1:20  Spawning Pool  
  17  1:30  Drone x2  
  19  1:44  Overlord  
  19  2:07  Queen x2  
  23  2:09  Metabolic Boost  
  23  2:12  Zergling x2  
  23  2:13  Zergling x6  
  27  2:26  Overlord  
  27  2:51  Queen  
  29  2:54  Lair  
  29  2:56  Drone x5  
  34  3:10  Overlord  
  33  3:41  Drone  
  33  3:42  Drone x8  
  41  3:49  Overlord  
  41  4:03  Baneling Nest  
  41  4:08  Evolution Chamber  
  39  4:10  Evolution Chamber  
  38  4:52  Hatchery  
  37  4:59  Drone x2  
  38  5:00  Drone  
  38  5:03  Extractor  
  38  5:04  Extractor  
  38  5:06  Zergling x2  
  38  5:07  Zergling x24  
  50  5:18  Spine Crawler  
  49  5:22  Spine Crawler  
  48  5:43  Overlord x2  
  48  5:44  Overlord x2  
  48  5:49  Zerg Melee Weapons Level 1  
  40  5:51  Zerg Ground Armor Level 1  
  40  5:54  Extractor  
  33  5:57  Spine Crawler  
  33  6:01  Spore Crawler, Spine Crawler  
  33  6:02  Drone x2  
  33  6:03  Drone x3  
  35  6:15  Drone  
  35  6:16  Drone x3  
  39  6:42  Drone x3  
  42  6:48  Drone x3  
  42  6:50  Drone  
  42  6:51  Drone x2  
  48  7:02  Spire  
  47  7:23  Overlord x2  
  47  7:24  Overlord  
  47  7:29  Drone x3  
  50  7:34  Spine Crawler  
  49  7:44  Zerg Melee Weapons Level 2  
  49  7:45  Zerg Ground Armor Level 2  
  49  7:54  Zergling x8  
  49  7:55  Zergling x28  
  67  8:01  Centrifugal Hooks  
  67  8:12  Hatchery  
  48  9:07  Zergling x2  
  48  9:08  Zergling x28  
Show
View Real Time Build Order
Export as new Build Order

bigDaddy Zerg 

Build Orders: Pool First 

Get SALT Encoding   

  12  0:03  Drone  
  13  0:24  Extractor  
  12  0:31  Spawning Pool  
  11  0:42  Drone x2  
  13  0:43  Drone  
  14  0:56  Overlord  
  14  1:26  Zergling x4  
  16  1:33  Metabolic Boost  
  16  1:43  Zergling x4  
  18  2:04  Zergling x4  
  18  2:06  Hatchery  
  19  2:18  Zergling x2  
  20  2:23  Zergling x2  
  21  2:49  Zergling x2  
  22  2:52  Hatchery  
  18  3:53  Zergling x6  
  17  4:06  Zergling x6  
  20  4:12  Zergling x2  
  21  4:22  Zergling x2  
  21  4:24  Zergling x2  
  23  4:28  Queen  
  25  4:33  Zergling x2  
  26  4:43  Spine Crawler  
  26  4:44  Spine Crawler  
  24  4:47  Spine Crawler  
  9  5:29  Overlord  
  9  5:30  Overlord x2  
  9  5:35  Overlord x3  
  9  6:26  Queen  
  9  6:27  Drone x3  
  9  6:30  Drone x3  
  17  6:37  Extractor  
  16  7:16  Drone x2  
  16  7:17  Drone  
  19  8:17  Drone  
  19  8:18  Drone x2  
  22  8:27  Spine Crawler  
  22  8:29  Spine Crawler  
Tags
 
Add a new tag
Caveats
  • Supply blocks, unpowered buildings, or Contaminate may cause inaccurate times.
  • Supply counts are checked every 10 seconds.